 Dungeon Crawl Stone Soup version 0.22-a0-803-gd6d8abeff0 (webtiles) character file.

49 PikkenKukken the Conjurer (level 3, -1/20 HPs)
             Began as a Deep Elf Conjurer on July 22, 2018.
             Slain by a quokka (4 damage)
             ... on level 2 of the Dungeon.
             The game lasted 00:06:02 (1743 turns).

PikkenKukken the Conjurer (Deep Elf Conjurer)       Turns: 1743, Time: 00:06:03

Health: -1/20      AC:  2    Str:  5    XL:     3   Next: 53%
Magic:  0/10       EV: 13    Int: 20    God:
Gold:   48         SH:  0    Dex: 15    Spells: 6/9 levels left

rFire    . . .     SeeInvis .   h - +0 spear (curse)
rCold    . . .     Gourm    .   (no shield)
rNeg     . . .     Faith    .   a - +0 robe
rPois    .         Spirit   .   (no helmet)
rElec    .         Reflect  .   (no cloak)
rCorr    .         Harm     .   (no gloves)
MR       .....                  (no boots)
Stlth    ++........             (no amulet)
HPRegen  0.06/turn              (no ring)
MPRegen  0.12/turn              (no ring)

@: no status effects
A: no striking features
a: no special abilities


You were on level 2 of the Dungeon.
You were not hungry.

You visited 1 branch of the dungeon, and saw 2 of its levels.

You collected 48 gold pieces.

Inventory:

Hand Weapons
 f - a +0 spear of venom
 h - a cursed +0 spear (weapon)
Armour
 a - a +0 robe (worn)
Potions
 b - 2 potions of mutation {unknown}
 e - 3 potions of haste {unknown}
 g - a potion of lignification {unknown}
 i - a potion of heal wounds {unknown}
Comestibles
 c - 7 rations


   Skills:
 + Level 0.6 Fighting
 - Level 0.4 Polearms
 + Level 3.1 Dodging
 + Level 3.1 Stealth
 + Level 3.5 Spellcasting
 + Level 4.6 Conjurations


You had 6 spell levels left.
You knew the following spells:

 Your Spells              Type           Power        Failure   Level  Hunger
a - Magic Dart            Conj           ###.         1%          1    None
b - Searing Ray           Conj           ###...       3%          2    ##.....

Your spell library contained the following spells:

 Spells                   Type           Power        Failure   Level  Hunger
 Confuse                  Hex            #.......     38%         3    ###....
 Iskenderun's Mystic Bla  Conj           ###.....     21%         4    ####...
 Confusing Touch          Hex            #.....       14%         1    None
 Metabolic Englaciation   Hex/Ice        #.........   98%         5    ######.
 Petrify                  Tmut/Erth      #.......     80%         4    ####...
 Fulminant Prism          Conj/Hex       ##........   45%         4    ####...
 Dazzling Spray           Conj/Hex       ##....       16%         3    ###....
 Force Lance              Conj/Tloc      ##......     45%         4    ####...
 Gell's Gravitas          Tloc           #.........   38%         3    ###....
 Yara's Violent Unravell  Hex/Tmut       #.........   98%         5    ######.


Dungeon Overview and Level Annotations

Branches:
Dungeon (2/15)

Altars:
Trog


Message History

Aiming: Searing Ray (safe; 3% risk of failure)
Press: ? - help, Shift-Dir - straight line, f - quokka
Aim: a quokka The searing ray misses the quokka. (Press . to maintain the ray.)
The quokka bites you.
Without enough magic to sustain it, your searing ray dissipates.
The quokka closely misses you. The quokka closely misses you.
Casting: Searing Ray (safe; 3% risk of failure)
Confirm with . or Enter, or press ? or * to list all spells.
You don't have enough magic to cast that spell.
The quokka barely misses you.
You closely miss the quokka. The quokka barely misses you.
The quokka bites you.
* * * LOW HITPOINT WARNING * * *
You hit the quokka.
The quokka is lightly wounded.
The quokka bites you.
You die...

##...##.##..#.#.#.
... #.##..#...#.
#.###.#.....#.#.
###.............#.
#.......#.#.....#.
.'.......#.#.....#'
.####....#.#.......
######...#.#.......
#r@..##..#.#.......
#.##...#).#
#.#..... #
##....###.#.#.....
##._..............
##....###.#......#
####
##...#.........>..
###### #..#
#^..##........##.#
#....######.##
#####.........##.#
#...........#
.........##.#


You could see a quokka.

Vanquished Creatures
  An adder (D:2)
  An ooze (D:1)
  2 dart slugs (D:1)
  A leopard gecko (D:2)
  An orc (D:2)
  3 giant cockroaches (D:1)
  4 goblins
  A hobgoblin (D:1)
  5 jackals (D:1)
  A quokka (D:2)
  A ball python (D:1)
  3 bats
  2 frilled lizards (D:1)
  A kobold (D:1)
  A rat (D:2)
28 creatures vanquished.

Notes
Turn   | Place    | Note
-------+----------+-------------------------------------------
     0 | D:1      | PikkenKukken the Deep Elf Conjurer began the quest for the Orb.
     0 | D:1      | Reached XP level 1. HP: 10/10 MP: 6/6
   230 | D:1      | Reached XP level 2. HP: 7/15 MP: 1/8
   647 | D:1      | Learned a level 2 spell: Searing Ray
   987 | D:1      | Reached XP level 3. HP: 7/20 MP: 4/9
  1510 | D:2      | Found a bloodstained altar of Trog.
  1743 | D:2      | Slain by a quokka

Vault maps used:
D:1:      wheals_arrival_shading
D:2:      first_ration, serial_glass, glass_columns_a, glass_columns_c,
          trog_butcher_becter

Skill      XL: |  1  2 |
---------------+-------+-----
Dodging        | 3 |  3.1
Stealth        | 3 |  3.1
Fighting       | |  0.6
Polearms       | |  0.4
Spellcasting   | |  3.5
Conjurations   | |  4.6

Action                   || total
-------------------------++-------
Melee: Unarmed           ||     4
       Spear             ||    39
 Cast: Magic Dart        ||    34
       Searing Ray       ||     6
 Stab: Sleeping          ||     2
  Eat: Chunk             ||     3
Armor: Robe              ||    10
Dodge: Dodged            ||    57

Table legend:
 A = Spawn XP
 B = Non-spawn XP
 C = Spawn XP percentage of total XP
 D = Spawn monster count
 E = Non-spawn monster count
 F = Spawn count percentage of total count
 G = Total turns spent on level
                    A         B        C        D         E        F      G
               +---------+---------+-------+---------+---------+-------+---------
         Total |       0 |      71 |   0.0 |       0 |      28 |   0.0 |  1743
               +---------+---------+-------+---------+---------+-------+---------
           D:1 |       0 |      42 |   0.0 |       0 |      19 |   0.0 |  1216
           D:2 |       0 |      29 |   0.0 |       0 |       9 |   0.0 |   527
               +---------+---------+-------+---------+---------+-------+---------
